 Dungeon Crawl Stone Soup version 0.20-a0-792-g09bcfd3 (console) character file.

1032666 nht the Middleweight Champion (level 27, -10/245 HPs)
             Began as a Minotaur Fighter on Feb 28, 2017.
             Was the Champion of Wu Jian.
             Mangled by a green very ugly thing (11 damage)
             ... while paralysed by a floating eye
             ... in Pandemonium.
             The game lasted 04:12:53 (69807 turns).

nht the Middleweight Champion (Minotaur Fighter)   Turns: 69807, Time: 04:12:54

Health: -10/245    AC: 43    Str: 32      XL:     27
Magic:  24/24      EV: -1    Int:  4 (10) God:    Wu Jian [******]
Gold:   8899       SH:  0    Dex: 18      Spells: 26/26 levels left

rFire    + + +     SeeInvis +     - Unarmed
rCold    + + .     Gourm    .   z - +12 gold dragon scales
rNeg     + + .     Faith    .   I - +7 large shield of Agnosticism {rElec rPois rCorr}
rPois    +         Spirit   .   (helmet unavailable)
rElec    +         Reflect  .   E - scarf of the Armadillo {rF+ rC+}
rCorr    +         Harm     .   D - +2 pair of gloves {Str+3}
MR       ++++.                  L - +2 pair of boots of the Abyss {rN++ MP-9 Slay+3}
Stlth    ..........             w - amulet of Lurigywn {Regen+ Dex+4}
Regen    0.9/turn               R - ring of Veosch {rPois rF+ Dex+3 SInv}
MPRegen  0.2/turn               H - ring of protection from magic

@: paralysed, brilliant, lethally poisoned (-10 -> -10), slowed, lost
intelligence, constricted
A: retaliatory headbutt, fangs 1, hooves 1, horns 3, iridescent scales 1, blink,
deformed body, deterioration 2, frail 1, low mp 1, magic resistance 1, weak 2,
evolution 1
}: 9/15 runes: decaying, serpentine, slimy, silver, golden, demonic, magical,
fiery, dark
a: Blink, Serpent's Lash, Heaven On Earth, Renounce Religion


You were in Pandemonium.
You worshipped Wu Jian.
Wu Jian was exalted by your worship.
You were not hungry.

You visited 13 branches of the dungeon, and saw 61 of its levels.
You visited Pandemonium 1 time, and saw 32 of its levels.
You visited the Abyss 2 times.
You visited 2 bazaars.
You also visited: Labyrinth, Trove, Ossuary, Bailey and Wizlab.

You collected 13154 gold pieces.
You spent 4255 gold pieces at shops.

Inventory:

Armour
 j - a +2 pair of boots of running
 k - the +0 cloak of Lies {rN+ Str-4 Slay+2}
   (You found it on level 2 of the Tomb of the Ancients)

   It affects your strength (-4).
   It affects your accuracy and damage with ranged weapons and melee attacks
   (+2).
   It protects you from negative energy.
 z - +12 gold dragon scales (worn)
 D - a +2 pair of gloves of strength (worn)
 E - the scarf of the Armadillo (worn) {rF+ rC+}
   (You acquired it on level 1 of the Vaults)

   It protects you from fire.
   It protects you from cold.
 I - the +7 large shield of Agnosticism (worn) {rElec rPois rCorr}
   (You found it on level 4 of the Vaults)

   It insulates you from electricity.
   It protects you from poison.
   It protects you from acid and corrosion.
 L - the +2 pair of boots of the Abyss (worn) {rN++ MP-9 Slay+3}
   (You found it on level 2 of the Crypt)

   It affects your accuracy and damage with ranged weapons and melee attacks
   (+3).
   It greatly protects you from negative energy.
   It affects your magic capacity (-9).
 X - a +2 hat
Jewellery
 w - the amulet of Lurigywn (around neck) {Regen+ Dex+4}
   (You found it on level 3 of the Elven Halls)

   [amulet of regeneration]

   It affects your dexterity (+4).
   It increases your rate of regeneration.
 H - a ring of protection from magic (left hand)
 R - the ring of Veosch (right hand) {rPois rF+ Dex+3 SInv}
   (You bought it in a shop in a bazaar)

   [ring of protection from fire]

   It affects your dexterity (+3).
   It protects you from fire.
   It protects you from poison.
   It lets you see invisible.
 T - the ring of Uhink {Str+4 Int+8 Dex+7 Stlth+}
   (You took it off a balrug in Pandemonium)

   [ring of strength]

   It affects your strength (+4).
   It affects your intelligence (+8).
   It affects your dexterity (+7).
   It makes you more stealthy.
Wands
 a - a wand of iceblast (5/15)
 f - a wand of iceblast (11/15)
 m - a wand of acid (7/15)
 r - a wand of iceblast (5/15)
 u - a wand of clouds (4/9)
 v - a wand of clouds (5/9)
 C - a wand of digging (3/24)
 G - a wand of acid (6/15)
 M - a wand of acid (8/15)
 N - a wand of scattershot (5/9)
 V - a wand of clouds (5/9)
 W - a wand of iceblast (8/15)
 Z - a wand of acid (11/15)
Scrolls
 h - 13 scrolls of teleportation
 i - 10 scrolls of blinking
 l - 7 scrolls of fog
 t - 8 scrolls of magic mapping
 x - 16 scrolls of recharging
 A - 10 scrolls of identify
 F - 2 scrolls of holy word
 K - 2 scrolls of summoning
 Q - 19 scrolls of remove curse
 S - a scroll of enchant armour
Potions
 b - 4 potions of ambrosia
 e - 6 potions of brilliance
 n - 5 potions of heal wounds
 o - 13 potions of flight
 p - 3 potions of cancellation
 q - 11 potions of agility
 s - 17 potions of curing
 B - 3 potions of mutation
 J - 9 potions of invisibility
 O - 7 potions of haste
 P - 10 potions of might
 U - 3 potions of berserk rage
 Y - 4 potions of resistance
Comestibles
 c - 35 royal jellies
 d - 45 bread rations
 g - 18 meat rations


   Skills:
 O Level 27 Fighting
 O Level 27 Armour
 O Level 27 Dodging
 O Level 27 Shields
 O Level 27 Unarmed Combat
 + Level 21.9 Evocations


You had 26 spell levels left.
You didn't know any spells.

Dungeon Overview and Level Annotations

Branches:
Dungeon (15/15)            Temple (1/1) D:5            Lair (6/6) D:10
  Swamp (4/4) Lair:3        Snake (4/4) Lair:2        Slime (5/5) Lair:6
    Orc (2/2) D:10            Elf (3/3) Orc:2        Vaults (5/5) D:14
  Crypt (3/3) Vaults:2       Tomb (3/3) Crypt:3      Depths (5/5) D:15
    Zot (5/5) Depths:5

Altars:
Ashenzari
Cheibriados
Dithmenos
Elyvilon
Fedhas
Gozag
Hepliaklqana
Kikubaaqudgha
Makhleb
Nemelex Xobeh
Okawaru
Qazlal
Ru
Sif Muna
Trog
Uskayaw
Vehumet
Wu Jian
Xom
Yredelemnul
Zin
The Shining One
Jiyva

Shops:
D:5 }   D:11 :   D:15 *}?(   Orc:2 (=[*[*   Elf:3 *   Snake:2 *?}(   Vaults:1 *
Depths:3 ==}

Portals:
Hell: Depths:1 Depths:2 Depths:3 Depths:4 Depths:5
Abyss: Depths:2 Depths:3 Depths:4 Depths:5
Pandemonium: Depths:3
Ziggurat: Depths:4

Annotations:
Zot:5 1 exclusion
Pan Mnoleg


Innate Abilities, Weirdness & Mutations

You reflexively headbutt those who attack you in melee.
You have a pair of large horns on your head.
You have very sharp teeth.
You have large cloven feet.
You are partially covered in iridescent scales. (AC +2)
You can translocate small distances at will.
Armour fits poorly on your strangely shaped body.
Your body often deteriorates upon taking damage.
You are frail. (-10% HP)
Your magical capacity is low. (-10% MP)
You are resistant to hostile enchantments. (MR+)
You are very weak. (Str -4)
You evolve.


Message History

Mnoleg gores you.
* * * LOW HITPOINT WARNING * * *
Mnoleg kicks you but does no damage.
The tentacled monstrosity tentacle-slaps you.
* * * LOW HITPOINT WARNING * * *
The tentacled monstrosity tentacle-slaps you but does no damage. x2
* * * LOW HITPOINT WARNING * * *
The tentacled monstrosity constricts you.
The golden eye blinks!
The large abomination completely misses you.
The neqoxec gestures.
The golden eye blinks at you. You resist with almost no effort.
The golden eye blinks at you. You resist with almost no effort.
The tentacled monstrosity completely misses you.
The tentacled monstrosity tentacle-slaps you but does no damage.
The tentacled monstrosity completely misses you.
The golden eye blinks at you. You resist with almost no effort.
The green very ugly thing punches you!
You die... ........ .....§§ ██ ....G. █.██ ...G██5..█ .G3█5.5.. 2GG43█ ██uXu█ █████ ██&@u█ ██...██ ██3XX██ .██ ██.....██ ██5XG██

..█
█.......███5XG██
..█
█.....(.██§....█
█.█
███.....██.5.█...█
█.█
█..█...█....███...█
█.█ █.███████..██
█...█ █3█ █.█
██.████ █...█ █.█


You could see Mnoleg, 2 tentacled monstrosities, 2 very ugly things, a
cacodemon, a white ugly thing, 3 large abominations, an eye of draining, a
sixfirhy, 2 neqoxecs, a chaos spawn, 2 floating eyes, 3 iron imps, 2 quasits, 4
golden eyes and a white imp.

Vanquished Creatures
  Cerebov (Pan)
  the Royal Jelly (Slime:5)
  Gloorx Vloq (Pan)
  Lom Lobon (Pan)
  The ghost of Alarkh the Eclecticist, a legendary DsMo of Okawaru (Zot:1)
  Mara (Swamp:3)
  2 orbs of fire
  The ghost of Enish the Conqueror, a legendary BaHu of Okawaru (Pan)
  4 ancient liches
  2 juggernauts (Depths:2)
  Mennas (Vaults:3)
  9 pandemonium lords (Pan)
  29 greater mummies
  A shard shrike (Zot:1)
  Bai Suzhen (Swamp:3)
  Frederick (Vaults:5)
  Xtahua (Vaults:5)
  13 golden dragons
  2 curse toes
  A Killer Klown (Zot:2)
  the Enchantress (Depths:1)
  Jory (Vaults:2)
  8 Tzitzimimeh (Pan)
  A bone dragon (Crypt:3)
  3 Brimstone Fiends
  Jorgrun (Swamp:2)
  Rupert (Snake:1)
  3 Orb Guardians (Zot:5)
  A moon troll (WizLab)
  15 tentacled monstrosities
  3 deep elf blademasters
  4 Ice Fiends
  12 titans
  2 deep elf master archers (Elf:3)
  3 Hell Sentinels (Pan)
  9 liches
  5 quicksilver dragons
  31 Executioners (Pan)
  8 ancient champions
  7 tentacled starspawn
  9 sphinxes
  Frances (D:13)
  7 death cobs
  22 acid blobs
  A thorn hunter (Swamp:4)
  17 storm dragons
  8 shadow dragons
  4 tengu reavers
  5 revenants
  Donald (Swamp:3)
  5 nagarajas
  5 draconian monks
  The ghost of dvd the Unseen, an adept VSEn of Dithmenos (Vaults:1)
  16 frost giants
  17 azure jellies
  4 draconian knights
  2 iron dragons (Vaults:5)
  6 deep elf sorcerers
  5 draconian scorchers
  14 vault wardens
  Aizul (Snake:1)
  7 fire giants
  A ghost moth (shapeshifter) (Depths:3)
  4 curse skulls
  7 ghost moths
  An orc warlord (Orc:2)
  3 draconian stormcallers
  8 draconian shifters
  18 balrugs
  6 reapers (Pan)
  8 warmongers (Pan)
  A caustic shrike zombie (D:15)
  An angel (Abyss:2)
  3 ghouls
  19 cacodemons
  13 ironheart preservers
  21 very ugly things
  3 war gargoyles
  3 deep elf elementalists (Elf:3)
  7 draconian annihilators
  34 stone giants
  3 spriggan defenders (Depths:1)
  9 blood saints (Pan)
  5 vampire knights
  5 corrupters (Pan)
  13 green draconians
  12 bennus
  4 yellow draconians
  15 black suns (Pan)
  5 black draconians
  8 deep elf demonologists
  9 lorocyprocas (Pan)
  15 white draconians
  5 spark wasps
  12 red draconians
  10 deep elf annihilators
  2 eidola
  13 purple draconians
  5 deep elf death magi
  22 ettins
  14 blizzard demons
  9 death oozes (Slime:5)
  A minotaur (Lab)
  7 jiangshi
  2 quicksilver dragon zombies
  9 fire dragons
  14 yaktaur captains
  22 mummy priests
  11 green deaths (Pan)
  16 naga warriors
  6 deep elf high priests
  Erolcha (D:11)
  15 great orbs of eyes
  16 rakshasas
  8 ice dragons
  29 vault guards
  2 quicksilver dragon skeletons (Crypt:2)
  5 hell beasts (Pan)
  2 catoblepae
  6 ghost crabs
  8 centaur warriors
  22 hydras
  12 monstrous demonspawn (Pan)
  4 spriggan air magi
  10 anacondas
  19 ogre magi
  A merfolk aquamancer (Depths:2)
  47 two-headed ogres
  6 alligators
  5 death knights
  3 tengu warriors (Depths:2)
  11 deep troll shamans
  A queen ant (shapeshifter) (Depths:1)
  21 dancing weapons
  9 deep troll earth magi
  5 death yaks (Lair:4)
  8 orc high priests
  73 death scarabs
  Urug (D:13)
  9 spriggan berserkers
  6 vampire magi
  11 shock serpents
  5 thrashing horrors (Abyss:2)
  27 deep elf knights
  2 storm dragon zombies
  15 naga sharpshooters
  60 sun demons
  Sonja (Lair:1)
  A wretched star (WizLab)
  9 shadow wraiths
  2 titan skeletons
  38 soul eaters
  9 hell knights
  An anaconda zombie (Crypt:2)
  3 iron trolls
  3 salamander mystics
  An unseen horror (D:14)
  9 torturous demonspawn (Pan)
  42 deep trolls
  A spatial maelstrom (Abyss:2)
  24 skeletal warriors
  7 sea snakes (Snake:4)
  A storm dragon skeleton (Vaults:5)
  An iron giant zombie (Crypt:1)
  37 sixfirhies
  11 glowing orange brains
  2 cherubim (Pan)
  12 wizards
  A spark wasp zombie (Depths:3)
  2 spriggan druids
  4 shambling mangroves
  7 flayed ghosts
  13 swamp dragons
  6 shadow demons (Pan)
  18 infernal demonspawn (Pan)
  6 harpies
  7 naga ritualists
  8 gelid demonspawn (Pan)
  A tengu zombie (Depths:3)
  An anaconda skeleton (Crypt:1)
  2 orange crystal statues
  15 deep elf archers
  8 ironbrand convokers
  3 lindwurms (Swamp:4)
  15 phantasmal warriors
  9 necromancers
  A lindwurm (shapeshifter) (D:11)
  2 golden dragon skeletons
  A wolf spider zombie (Tomb:1)
  41 ugly things
  An oklob plant (Swamp:1)
  7 wolf spiders
  17 orc knights
  7 orc sorcerers
  A manticore (D:11)
  An orb spider (shapeshifter) (Vaults:5)
  13 shining eyes
  A stone giant zombie (D:15)
  6 mana vipers
  2 frost giant zombies
  185 slime creatures
  67 deep elf magi
  4 cyclopes
  19 salamanders
  A manticore (shapeshifter) (Vaults:3)
  The ghost of Dingo the Slinger, a novice HaHu (D:5)
  3 centaur zombies
  31 moths of wrath
  A frost giant skeleton (Vaults:5)
  3 elephants (Lair:4)
  42 black mambas
  Psyche (D:11)
  16 naga magi
  9 vault sentinels
  A fire giant skeleton (Tomb:1)
  10 eyes of devastation
  A black mamba (shapeshifter) (Depths:5)
  10 guardian serpents
  45 smoke demons
  35 orange demons (Pan)
  2 gargoyles
  A purple draconian zombie (Crypt:2)
  17 spiny frogs
  A spriggan skeleton (Depths:3)
  A human zombie (Vaults:5)
  3 kobold demonologists
  A yellow draconian zombie (Crypt:3)
  41 yaktaurs
  9 tormentors (Pan)
  12 efreet
  15 demonic crawlers (Pan)
  11 freezing wraiths
  4 hellions (Pan)
  9 komodo dragons
  A ghost moth simulacrum (Tomb:1)
  32 hellwings (Pan)
  8 ice devils
  A polar bear (shapeshifter) (Vaults:3)
  3 tengu conjurers
  49 guardian mummies
  16 red devils (Pan)
  14 wind drakes (Pan)
  A grey draconian skeleton (Crypt:2)
  14 trolls
  7 tyrant leeches
  A hornet (shapeshifter) (Depths:3)
  4 polar bears (Lair:6)
  A shadow dragon simulacrum (Vaults:3)
  21 hornets
  A merfolk (shapeshifter) (Depths:4)
  2 hydra skeletons
  5 bog bodies
  3 fire dragon zombies
  An ice dragon zombie (Crypt:2)
  6 raiju (Abyss:2)
  37 large abominations
  9 hippogriffs
  33 blink frogs
  6 dream sheep (Lair:5)
  An ettin zombie (D:15)
  A hippogriff (shapeshifter) (Vaults:1)
  A snapping turtle (shapeshifter) (Vaults:4)
  4 shadows
  An ettin skeleton (Crypt:3)
  7 air elementals
  18 flying skulls
  18 yaks
  23 spriggans
  17 ushabtiu
  An ice dragon skeleton (Tomb:1)
  5 water elementals
  A fire bat (Pan)
  28 ynoxinuls
  3 fire elementals
  3 yaks (shapeshifter)
  5 wyverns
  A fire dragon skeleton (Pan)
  8 wraiths
  5 basilisks
  12 chaos spawn (Pan)
  3 humans (shapeshifter)
  15 vampire mosquitoes
  2 hungry ghosts
  31 golden eyes
  A deep troll zombie (Vaults:5)
  2 human simulacra
  25 neqoxecs (Pan)
  A warg (shapeshifter) (Depths:1)
  4 spatial vortices (Abyss:2)
  2 acid dragons
  62 nagas
  5 wargs
  15 swamp worms
  10 insubstantial wisps
  2 hydra simulacra (Zot:1)
  2 floating eyes (shapeshifter) (Vaults:5)
  10 porcupines
  10 water moccasins
  A gelid demonspawn skeleton (Crypt:3)
  6 floating eyes
  8 small abominations (Abyss:2)
  12 swamp drakes
  2 ice beasts
  7 sky beasts
  A spiny frog skeleton (Crypt:1)
  2 black bears (shapeshifter) (Vaults:2)
  A deep troll skeleton (Vaults:5)
  70 orc warriors
  12 eyes of draining
  5 phantoms
  6 black bears
  A tengu (shapeshifter) (Vaults:1)
  41 ogres
  13 boggarts
  2 centaurs
  A dream sheep zombie (Crypt:3)
  26 wolves
  A blink frog skeleton (Crypt:2)
  A draconian zombie (Crypt:2)
  17 big kobolds
  16 crocodiles
  A komodo dragon zombie (Crypt:1)
  A salamander zombie (Crypt:3)
  16 bullfrogs
  2 earth elementals
  A water moccasin zombie (Crypt:2)
  A cyclops skeleton (Crypt:1)
  A wyvern skeleton (D:15)
  A water moccasin skeleton (D:6)
  A troll zombie (Crypt:2)
  13 killer bees
  7 wights
  A raiju skeleton (Crypt:1)
  A howler monkey (D:9)
  5 electric eels
  4 crimson imps
  15 starcursed masses
  8 hounds
  3 quasits
  2 bullfrog skeletons
  25 orc wizards
  Crazy Yiuf (D:2)
  4 centaur skeletons
  3 iron imps
  4 jellies
  16 orc priests
  A black bear skeleton (Crypt:3)
  Natasha (thrice) (D:2)
  Terence (D:2)
  A demonspawn skeleton (Crypt:3)
  6 iguanas
  9 worker ants
  A crocodile zombie (Crypt:3)
  6 big kobold zombies (Ossuary)
  2 hound skeletons
  A hound zombie (D:11)
  52 mummies
  2 worker ant zombies
  19 gnolls
  13 adders
  6 shadow imps
  3 white imps (Lair:6)
  An ufetubus (Abyss:2)
  2 oozes
  A halfling zombie (Crypt:3)
  2 adder skeletons
  A halfling skeleton (Crypt:2)
  A worm (D:3)
  4 dart slugs
  8 leopard geckos
  132 orcs
  2 spectral bats (Ossuary)
  A bat (D:1)
  3 bat simulacra (Ossuary)
  4 giant cockroaches
  43 goblins
  38 hobgoblins
  18 jackals
  4 quokkas
  2 ball pythons
  4 frilled lizards
  6 gnoll zombies (Ossuary)
  2 goblin simulacra (Ossuary)
  7 goblin zombies (Ossuary)
  5 hobgoblin zombies (Ossuary)
  30 kobolds
  3 kobold simulacra (Ossuary)
  2 kobold zombies
  2 leopard gecko skeletons (D:4)
  4 orc zombies (Ossuary)
  A quokka zombie (D:7)
  3 rats
  3 rat simulacra (Ossuary)
  3 spectral goblins (Ossuary)
  A spectral kobold (Ossuary)
  2 spectral rats (Ossuary)
  6 starspawn tentacles
  A withered plant (D:14)
3842 creatures vanquished.

Vanquished Creatures (others)
  A lich (Tomb:2)
  A frost giant (Zot:3)
  A ghost moth (Zot:3)
  A draconian knight (Zot:1)
  A stone giant (Zot:3)
  A naga warrior (Snake:2)
  9 death scarabs
  A naga sharpshooter (Snake:1)
  A skeletal warrior (Tomb:2)
  A titan skeleton (Tomb:2)
  A wolf spider zombie (Tomb:2)
  A moth of wrath (Zot:3)
  A guardian mummy (Tomb:2)
  A slime creature (Vaults:2)
  13 flying skulls
  An ogre (Zot:3)
  A snapping turtle skeleton (Tomb:3)
  3 mummies
  2 orcs (Vaults:3)
  A goblin zombie (Ossuary)
  2 demonic plants (WizLab)
  14 fungi
  5 plants
  11 starspawn tentacles
75 creatures vanquished.

Grand Total: 3917 creatures vanquished

Notes
Turn   | Place    | Note
-------+----------+-------------------------------------------
     0 | D:1      | nht the Minotaur Fighter began the quest for the Orb.
     0 | D:1      | Reached XP level 1. HP: 19/19 MP: 0/0
    35 | D:1      | Reached XP level 2. HP: 26/26 MP: 1/1
   177 | D:1      | Reached XP level 3. HP: 11/31 MP: 2/2
   501 | D:2      | Noticed Terence
   511 | D:2      | Killed Terence
   511 | D:2      | Reached XP level 4. HP: 36/39 MP: 3/3
   683 | D:2      | Noticed Natasha
   692 | D:2      | Killed Natasha
   692 | D:2      | Reached skill level 5 in Unarmed Combat
   763 | D:2      | Noticed Natasha
   780 | D:2      | Killed Natasha
   848 | D:2      | Reached XP level 5. HP: 37/45 MP: 4/4
   922 | D:2      | Gained mutation: You are frail. (-10% HP) [potion of mutation]
   922 | D:2      | Gained mutation: You are resistant to hostile enchantments. (MR+) [potion of mutation]
   922 | D:2      | Gained mutation: You are partially covered in rugged brown scales. (AC +1, +3% HP) [potion of mutation]
  1209 | D:2      | Found a runed door.
  1215 | D:2      | Noticed Crazy Yiuf
  1223 | D:2      | Killed Crazy Yiuf
  1468 | D:3      | Reached XP level 6. HP: 26/47 MP: 5/5
  2403 | D:2      | Noticed Natasha
  2408 | D:2      | Killed Natasha
  2542 | D:3      | Reached XP level 7. HP: 35/53 MP: 6/6
  3021 | D:4      | Found a sand-covered staircase.
  3044 | Ossuary  | Entered an ossuary
  3737 | D:4      | Reached skill level 10 in Unarmed Combat
  3807 | D:4      | Reached XP level 8. HP: 51/59 MP: 7/7
  4261 | D:5      | Entered Level 5 of the Dungeon
  4561 | D:5      | Found a staircase to the Ecumenical Temple.
  4645 | Temple   | Entered the Ecumenical Temple
  4892 | Temple   | Became a worshipper of the Wu Jian Council
  4958 | D:5      | Found Koobriex's Gadget Emporium.
  4962 | D:5      | Found a burning altar of Makhleb.
  4972 | D:5      | Noticed Dingo's ghost (novice HaHu)
  4987 | D:5      | Killed Dingo's ghost
  5424 | D:6      | Reached XP level 9. HP: 54/67 MP: 8/8
  5747 | D:6      | Reached skill level 5 in Fighting
  5747 | D:6      | Reached skill level 5 in Armour
  5809 | D:6      | Reached skill level 5 in Shields
  5898 | D:7      | Reached * piety under Wu Jian
  6439 | D:8      | Reached ** piety under Wu Jian
  6572 | D:8      | Reached XP level 10. HP: 71/78 MP: 9/9
  6950 | D:8      | Reached *** piety under Wu Jian
  7191 | D:9      | Found a shadowy altar of Dithmenos.
  7791 | D:10     | Entered Level 10 of the Dungeon
  8097 | D:10     | Reached **** piety under Wu Jian
  8101 | D:10     | Reached XP level 11. HP: 88/88 MP: 10/10
  8103 | D:10     | Found a staircase to the Orcish Mines.
  8105 | D:10     | Found a staircase to the Lair.
  8293 | Lair:1   | Entered Level 1 of the Lair of Beasts
  8520 | Lair:1   | Noticed Sonja
  8522 | Lair:1   | Killed Sonja
  9150 | Lair:2   | Found a staircase to the Snake Pit.
  9884 | Lair:3   | Reached skill level 15 in Unarmed Combat
  9917 | Lair:3   | Noticed a seven-headed hydra
  9949 | Lair:3   | Killed a seven-headed hydra
  9954 | Lair:3   | Reached skill level 10 in Fighting
  9954 | Lair:3   | Reached XP level 12. HP: 66/98 MP: 11/11
  9994 | Lair:3   | Reached skill level 10 in Shields
 10137 | Lair:3   | Found a staircase to the Swamp.
 10142 | Lair:3   | Reached ***** piety under Wu Jian
 10499 | Lair:4   | Reached skill level 10 in Armour
 10556 | Lair:4   | Noticed a four-headed hydra
 10562 | Lair:4   | Killed a four-headed hydra
 10799 | Lair:4   | Noticed a death yak
 10800 | Lair:4   | Noticed a death yak
 10800 | Lair:4   | Noticed a death yak
 10800 | Lair:4   | Noticed a death yak
 10801 | Lair:4   | Noticed a death yak
 10802 | Lair:4   | Killed a death yak
 10802 | Lair:4   | Killed a death yak
 10803 | Lair:4   | Killed a death yak
 10810 | Lair:4   | Killed a death yak
 10810 | Lair:4   | Killed a death yak
 11578 | Lair:5   | Noticed a four-headed hydra
 11589 | Lair:5   | Killed a four-headed hydra
 12138 | Lair:6   | Entered Level 6 of the Lair of Beasts
 12182 | Lair:6   | Noticed an eight-headed hydra
 12190 | Lair:6   | Killed an eight-headed hydra
 12190 | Lair:6   | Reached XP level 13. HP: 76/107 MP: 12/12
 12884 | Lair:6   | Found a viscous altar of Jiyva.
 13147 | Lair:6   | Found a staircase to the Slime Pits.
 13556 | Orc:1    | Entered Level 1 of the Orcish Mines
 13921 | Orc:1    | Reached ****** piety under Wu Jian
 14149 | Orc:2    | Entered Level 2 of the Orcish Mines
 14149 | Orc:2    | Found Lueqeuxt's Assorted Antiques.
 14163 | Orc:2    | Bought an opal ring for 140 gold pieces
 14170 | Orc:2    | Found Fegyed's Armour Emporium.
 14179 | Orc:2    | Found Jonaecai's General Store.
 14200 | Orc:2    | Found a staircase to the Elven Halls.
 14207 | Orc:2    | Bought a scroll of teleportation for 39 gold pieces
 14291 | Orc:2    | Noticed an ettin
 14292 | Orc:2    | Killed an ettin
 14297 | Orc:2    | Found Naahin's Jewellery Shop.
 14299 | Orc:2    | Noticed an orc warlord
 14299 | Orc:2    | Reached XP level 14. HP: 65/117 MP: 13/13
 14307 | Orc:2    | Killed an orc warlord
 14615 | Orc:2    | Found Irphac's Antique Armour Emporium.
 14661 | Orc:2    | Found Toqy's Antique Weapon Shoppe.
 15021 | Orc:2    | Bought a glowing cloak for 277 gold pieces
 15021 | Orc:2    | Bought a pair of runed gloves for 277 gold pieces
 15181 | Snake:1  | Entered Level 1 of the Snake Pit
 15237 | Snake:1  | Noticed Aizul
 15257 | Snake:1  | Killed Aizul
 15755 | D:11     | Found Olotau's Book Shoppe.
 15778 | D:11     | Found a snail-covered altar of Cheibriados.
 15798 | D:11     | Noticed Erolcha
 15815 | D:11     | Killed Erolcha
 15949 | D:11     | Noticed Psyche
 15953 | D:11     | Killed Psyche
 16091 | D:11     | Got a brightly glowing chain mail
 16102 | D:11     | Identified the +8 chain mail of the Arcane {-Tele rElec Int+7} (You found it on level 11 of the Dungeon)
 16774 | D:12     | Found a labyrinth entrance.
 16793 | D:12     | Found a flagged portal.
 16812 | Bailey   | Entered a bailey
 16855 | Bailey   | Found an iron altar of Okawaru.
 17273 | Lab      | Entered a labyrinth
 17548 | D:12     | Got a faintly glowing dagger
 17549 | D:12     | Identified the +8 dagger of the Hand {holy, rElec MP+9 Dex+3} (You found it on level 12 of the Dungeon)
 17821 | D:12     | Found a shadowy altar of Dithmenos.
 18187 | D:13     | You fall through a shaft for 2 floors!
 18187 | D:15     | Entered Level 15 of the Dungeon
 18298 | D:14     | Found a gate to the Vaults.
 18328 | D:14     | Found a flickering gateway to a bazaar.
 18337 | Bazaar   | Entered a bazaar
 18337 | Bazaar   | Found Abudiat's Jewellery Boutique.
 18337 | Bazaar   | Found Qaorino's Antique Armour Shop.
 18337 | Bazaar   | Found Duxzui's Jewellery Shop.
 18337 | Bazaar   | Found Dedistrienk's Jewellery Boutique.
 18352 | Bazaar   | Bought the ring of Veosch {rPois rF+ Dex+3 SInv} for 420 gold pieces
 18356 | Bazaar   | Bought a runed scarf for 264 gold pieces
 18356 | Bazaar   | Bought a runed cloak for 247 gold pieces
 18702 | D:14     | Reached XP level 15. HP: 88/126 MP: 12/14
 18972 | D:13     | Noticed Frances
 18983 | D:13     | Killed Frances
 19003 | D:13     | Noticed Urug
 19011 | D:13     | Killed Urug
 19916 | D:14     | Reached skill level 15 in Shields
 20268 | D:15     | Found Diunid's Weapon Shop.
 20283 | D:15     | Found a staircase to the Depths.
 20296 | D:15     | Found Nuuxiz's Magic Scroll Shop.
 20619 | D:15     | Bought a scroll of fear for 38 gold pieces
 20619 | D:15     | Bought a scroll of magic mapping for 38 gold pieces
 20619 | D:15     | Bought a scroll of identify for 22 gold pieces
 20619 | D:15     | Bought a scroll of blinking for 82 gold pieces
 20619 | D:15     | Bought a scroll of identify for 22 gold pieces
 20619 | D:15     | Bought a scroll of identify for 22 gold pieces
 20627 | D:15     | Found Popsouho's General Store.
 20635 | D:15     | Bought a scroll of identify for 24 gold pieces
 20788 | D:15     | Found Fedy's Gadget Shop.
 21401 | Snake:1  | Got a scintillating pewter ring
 21402 | Snake:1  | Identified the ring "Soifys" {rF+ Int+4 Slay+2} (You found it on level 1 of the Snake Pit)
 21752 | Snake:1  | Noticed Rupert
 21759 | Snake:1  | Killed Rupert
 22155 | Snake:1  | Reached XP level 16. HP: 44/136 MP: 6/15
 22571 | Snake:2  | Found Qij Xuas's Magic Scroll Shoppe.
 22579 | Snake:2  | Found Moxtur's Weapon Emporium.
 22579 | Snake:2  | Found Panoe's General Store.
 22583 | Snake:2  | Found Odwah's Gadget Emporium.
 22620 | Snake:2  | Bought a scroll of enchant armour for 97 gold pieces
 22620 | Snake:2  | Bought a scroll of enchant armour for 97 gold pieces
 22620 | Snake:2  | Bought a scroll of teleportation for 39 gold pieces
 23696 | Snake:3  | Reached skill level 15 in Fighting
 24447 | Snake:3  | Found a sacrificial altar of Ru.
 24670 | Snake:4  | Entered Level 4 of the Snake Pit
 25423 | Snake:4  | Reached XP level 17. HP: 95/146 MP: 10/16
 26672 | Snake:4  | Got a serpentine rune of Zot
 27086 | Swamp:1  | Entered Level 1 of the Swamp
 28216 | Swamp:2  | Noticed Jorgrun
 28224 | Swamp:2  | Killed Jorgrun
 28224 | Swamp:2  | Reached skill level 15 in Armour
 28688 | Swamp:3  | Noticed Mara
 28695 | Swamp:3  | Noticed nht's illusion
 28804 | Swamp:3  | Noticed Donald
 28808 | Swamp:3  | Killed Donald
 28808 | Swamp:3  | Reached XP level 18. HP: 135/156 MP: 14/17
 28980 | Swamp:3  | Noticed nht's illusion
 29209 | Swamp:3  | Noticed nht's illusion
 29211 | Swamp:4  | Entered Level 4 of the Swamp
 29457 | Swamp:3  | Noticed Bai Suzhen
 29464 | Swamp:3  | Killed Bai Suzhen
 29535 | Swamp:3  | Killed Mara
 30420 | Swamp:4  | Got a decaying rune of Zot
 30421 | Swamp:4  | Lost mutation: You are resistant to hostile enchantments. (MR+) [potion of mutation]
 30421 | Swamp:4  | Lost mutation: You are frail. (-10% HP) [potion of mutation]
 30421 | Swamp:4  | Lost mutation: You are partially covered in rugged brown scales. (AC +1, +3% HP) [potion of mutation]
 30421 | Swamp:4  | Gained mutation: You tend to lose your temper in combat. [potion of mutation]
 30421 | Swamp:4  | Gained mutation: You are partially covered in large bone plates. (SH +4) [potion of mutation]
 30869 | D:7      | Lost mutation: You tend to lose your temper in combat. [potion of mutation]
 30869 | D:7      | Lost mutation: You are partially covered in large bone plates. (SH +4) [potion of mutation]
 30869 | D:7      | Gained mutation: You are agile. (Dex +2) [potion of mutation]
 30869 | D:7      | Gained mutation: Your flesh is heat resistant. (rF+) [potion of mutation]
 30869 | D:7      | Gained mutation: You are partially covered in slimy green scales. (AC +2) [potion of mutation]
 31040 | Vaults:1 | Entered Level 1 of the Vaults
 31443 | Vaults:1 | Noticed dvd's ghost (adept VSEn)
 31449 | Vaults:1 | Killed dvd's ghost
 31489 | Vaults:1 | Got a heavily runed scarf
 31500 | Vaults:1 | Identified the scarf of the Armadillo {rF+ rC+} (You acquired it on level 1 of the Vaults)
 31639 | Vaults:1 | Found Riecun Wath's Assorted Antiques.
 31647 | Vaults:1 | Bought a small citrine amulet for 220 gold pieces
 31647 | Vaults:1 | Bought a scroll labeled SOPRELI EFIDUF for 44 gold pieces
 31647 | Vaults:1 | Bought a scroll of teleportation for 132 gold pieces
 31690 | Vaults:1 | Found a portal to a secret trove of treasure.
 31781 | Vaults:1 | Reached XP level 19. HP: 176/176 MP: 10/18
 31785 | Vaults:1 | Got a jewelled leather armour
 31791 | Vaults:1 | Identified the cursed +1 leather armour of Imiurior {rF- rN+ Dex+4 Slay+3} (You found it on level 1 of the Vaults)
 32633 | D:11     | Bought a Fen Folio for 1050 gold pieces
 32789 | Vaults:1 | You paid a toll of Fen Folio to enter a treasure trove
 32790 | Trove    | Entered a treasure trove
 33556 | Vaults:2 | Noticed Jory
 33567 | Vaults:2 | Killed Jory
 33793 | Vaults:2 | Found a staircase to the Crypt.
 33793 | Vaults:2 | Found a basalt altar of Yredelemnul.
 33794 | Vaults:2 | Found an ancient bone altar of Kikubaaqudgha.
 34078 | Vaults:3 | Noticed Mennas
 34086 | Vaults:3 | Killed Mennas
 34782 | Vaults:3 | Found an ornate altar of the Wu Jian Council.
 35063 | Vaults:4 | Reached XP level 20. HP: 179/188 MP: 19/19
 35608 | Vaults:4 | Identified the +7 large shield of Agnosticism {rElec rPois rCorr} (You found it on level 4 of the Vaults)
 36028 | Vaults:5 | Entered Level 5 of the Vaults
 36067 | Vaults:5 | Noticed Frederick
 36072 | Vaults:5 | Killed Frederick
 36074 | Vaults:5 | Noticed Xtahua
 36081 | Vaults:5 | Killed Xtahua
 36085 | Vaults:5 | Reached XP level 21. HP: 53/197 MP: 20/20
 36784 | Vaults:5 | Noticed a golden dragon
 36791 | Vaults:5 | Killed a golden dragon
 36851 | Vaults:5 | Identified the +3 leather armour "Lityptud" {Regen+ Int+4 Dex-5} (You found it on level 5 of the Vaults)
 36855 | Vaults:5 | Identified the cursed ring "Ifexan Boqiw" {rF+ rN+ Str-4 Slay-3} (You found it on level 5 of the Vaults)
 37037 | Vaults:5 | Got a silver rune of Zot
 37040 | Vaults:5 | Paralysed by a floating eye for 4 turns
 37496 | Vaults:5 | Got a pitted ivory ring
 37630 | Vaults:5 | Identified the ring "Ruggorib" {rC+ MP+9} (You found it on level 5 of the Vaults)
 38154 | Depths:1 | Entered Level 1 of the Depths
 38321 | Depths:1 | Reached XP level 22. HP: 157/211 MP: 21/21
 38379 | Depths:1 | Found a gateway to Hell.
 38444 | Depths:1 | Noticed the Enchantress
 38451 | Depths:1 | Killed the Enchantress
 38495 | Depths:1 | Cast into level 2 of the Abyss (spriggan defender)
 38545 | Abyss:2  | Found a corrupted altar of Lugonu.
 38790 | Abyss:2  | Found a blossoming altar of Fedhas.
 38943 | Abyss:2  | Reached skill level 27 in Unarmed Combat
 38965 | Depths:1 | Escaped the Abyss
 39237 | Depths:1 | Got faerie dragon scales
 39239 | Depths:1 | Identified the +2 faerie dragon scales {rElec rCorr} (You took it off the Enchantress on level 1 of the Depths)
 39247 | Depths:1 | Found a runed gate.
 39247 | Depths:1 | Found a runed gate.
 39247 | Depths:1 | Found a runed gate.
 39249 | Depths:1 | Found a runed gate.
 39249 | Depths:1 | Found a runed gate.
 39249 | Depths:1 | Found a runed gate.
 39457 | Depths:2 | Got a scintillating bone ring
 39458 | Depths:2 | Identified the ring of the Tarantula {Ice +Inv rN+ Str-3 Dex+4} (You found it on level 2 of the Depths)
 39482 | Depths:2 | Paralysed by a floating eye for 3 turns
 39494 | Depths:2 | Noticed a juggernaut
 39501 | Depths:2 | Killed a juggernaut
 39635 | Depths:2 | Got a brightly glowing lead ring
 39671 | Depths:2 | Paralysed by a floating eye for 2 turns
 39751 | Depths:2 | Found a one-way gate to the infinite horrors of the Abyss.
 39793 | Depths:2 | Identified the ring of Kiwiut {+Fly rF+ Int+4} (You took it off a tengu warrior on level 2 of the Depths)
 39855 | Depths:2 | Found an ancient bone altar of Kikubaaqudgha.
 39917 | Depths:2 | Reached XP level 23. HP: 135/221 MP: 22/22
 40158 | Depths:2 | Noticed a juggernaut
 40167 | Depths:2 | Killed a juggernaut
 40224 | Depths:2 | Found a hazy altar of Hepliaklqana.
 40299 | Depths:2 | Got a crude golden ring
 40300 | Depths:2 | Identified the ring "Anaimal" {+Fly Dex+7} (You found it on level 2 of the Depths)
 40523 | Depths:3 | Found a one-way gate leading to the halls of Pandemonium.
 40743 | Depths:3 | Found Xoorump's Gadget Shoppe.
 40743 | Depths:3 | Found Yrupnar's Jewellery Boutique.
 40744 | Depths:3 | Found Lokuimawk's Jewellery Boutique.
 40749 | Depths:3 | Bought an uncursed amulet of regeneration for 510 gold pieces
 40921 | Depths:3 | Cast into level 2 of the Abyss (a wizard)
 41026 | Depths:3 | Escaped the Abyss
 41418 | Depths:4 | Found a magical portal.
 41427 | WizLab   | Entered Lehudib's Moon Base
 42095 | WizLab   | Reached XP level 24. HP: 208/233 MP: 22/22
 42674 | Depths:4 | Found a gateway to a ziggurat.
 43465 | Depths:5 | Entered Level 5 of the Depths
 43972 | Depths:5 | Found a gate to the Realm of Zot.
 44147 | Zot:1    | Entered Level 1 of the Realm of Zot
 44147 | Zot:1    | Noticed an orb of fire
 44159 | Zot:1    | Noticed a shard shrike
 44166 | Zot:1    | Killed an orb of fire
 44167 | Zot:1    | Killed a shard shrike
 44433 | Zot:1    | Noticed Alarkh's ghost (legendary DsMo)
 44446 | Zot:1    | Killed Alarkh's ghost
 44446 | Zot:1    | Reached XP level 25. HP: 243/243 MP: 22/22
 45231 | Zot:2    | Noticed an orb of fire
 45241 | Zot:2    | Killed an orb of fire
 46551 | Zot:3    | Reached XP level 26. HP: 252/256 MP: 22/22
 46993 | Zot:4    | Reached skill level 27 in Shields
 47109 | Zot:4    | Reached skill level 1 in Dodging
 47222 | Zot:5    | Entered Level 5 of the Realm of Zot
 47970 | Elf:1    | Entered Level 1 of the Elven Halls
 48095 | Elf:1    | Found a flickering gateway to a bazaar.
 48104 | Bazaar   | Entered a bazaar
 48104 | Bazaar   | Found Ilamool's Book Shoppe.
 48104 | Bazaar   | Found Qeqick's Book Emporium.
 48142 | Bazaar   | Found Vyuqeom's Weapon Shop.
 48153 | Bazaar   | Found Xuhof's Gadget Boutique.
 48173 | Bazaar   | Found Ciav's Food Shoppe.
 48223 | Elf:1    | Reached skill level 5 in Dodging
 49066 | Elf:2    | Found a huge runed gate.
 49066 | Elf:2    | Found a huge runed gate.
 49066 | Elf:2    | Found a huge runed gate.
 49066 | Elf:2    | Found a huge runed gate.
 49067 | Elf:2    | Found a huge runed gate.
 49652 | Elf:2    | Reached XP level 27. HP: 268/268 MP: 22/22
 49809 | Elf:3    | Entered Level 3 of the Elven Halls
 49918 | Elf:3    | Found Hofe's Assorted Antiques.
 49923 | Elf:3    | Bought a scroll of magic mapping for 98 gold pieces
 49923 | Elf:3    | Bought a scroll of identify for 56 gold pieces
 50260 | Elf:3    | Got a brightly glowing tin amulet
 50296 | Elf:3    | Identified the amulet of Lurigywn {Regen+ Dex+4} (You found it on level 3 of the Elven Halls)
 50335 | Elf:3    | Got a faintly glowing ivory amulet
 50336 | Elf:3    | Identified the amulet of the Eleven Queens {rElec Regen+ Int+6 Slay-5 Stlth+} (You found it on level 3 of the Elven Halls)
 50830 | Slime:1  | Entered Level 1 of the Pits of Slime
 50915 | Slime:1  | Gained mutation: Your spells are a little easier to cast, but a little less powerful. [a shining eye]
 50920 | Slime:1  | Gained mutation: You expend magic power (3 MP) to strengthen your wands. [a shining eye]
 50923 | Slime:1  | Gained mutation: Your muscles are strong. (Str +2) [a shining eye]
 50924 | Slime:1  | Gained mutation: You are resistant to hostile enchantments. (MR+) [a shining eye]
 51223 | Slime:2  | Gained mutation: You are frail. (-10% HP) [a shining eye]
 51227 | Slime:2  | Gained mutation: You are dopey. (Int -2) [a shining eye]
 51675 | Slime:3  | Reached skill level 10 in Dodging
 51678 | Slime:3  | Gained mutation: You are very dopey. (Int -4) [a shining eye]
 51689 | Slime:3  | Paralysed by a floating eye for 3 turns
 51992 | Slime:3  | Gained mutation: Your body sometimes deteriorates upon taking damage. [a shining eye]
 51994 | Slime:3  | Gained mutation: Scrolls take you a little longer to read. [a shining eye]
 52290 | Slime:4  | Gained mutation: Your body often deteriorates upon taking damage. [a shining eye]
 52291 | Slime:4  | Gained mutation: You do not regenerate when monsters are visible. [a shining eye]
 52630 | Slime:4  | Lost mutation: Your spells are a little easier to cast, but a little less powerful. [potion of mutation]
 52630 | Slime:4  | Lost mutation: You are very dopey. (Int -4) [potion of mutation]
 52630 | Slime:4  | Lost mutation: You are frail. (-10% HP) [potion of mutation]
 52630 | Slime:4  | Lost mutation: You are dopey. (Int -2) [potion of mutation]
 52630 | Slime:4  | Lost mutation: You are resistant to hostile enchantments. (MR+) [potion of mutation]
 52630 | Slime:4  | Lost mutation: You expend magic power (3 MP) to strengthen your wands. [potion of mutation]
 52630 | Slime:4  | Gained mutation: You passively map a small area around you. [potion of mutation]
 52631 | Slime:4  | Lost mutation: You are agile. (Dex +2) [potion of mutation]
 52631 | Slime:4  | Lost mutation: Your muscles are strong. (Str +2) [potion of mutation]
 52631 | Slime:4  | Gained mutation: You possess an exceptional clarity of mind. [potion of mutation]
 52631 | Slime:4  | Lost mutation: Scrolls take you a little longer to read. [potion of mutation]
 52632 | Slime:4  | Lost mutation: Your body often deteriorates upon taking damage. [potion of mutation]
 52632 | Slime:4  | Gained mutation: You evolve. [potion of mutation]
 52633 | Slime:4  | Lost mutation: You possess an exceptional clarity of mind. [potion of mutation]
 52633 | Slime:4  | Lost mutation: Your body sometimes deteriorates upon taking damage. [potion of mutation]
 52633 | Slime:4  | Lost mutation: You are partially covered in slimy green scales. (AC +2) [potion of mutation]
 52633 | Slime:4  | Gained mutation: You can translocate small distances at will. [potion of mutation]
 52633 | Slime:4  | Gained mutation: You are dopey. (Int -2) [potion of mutation]
 52633 | Slime:4  | Gained mutation: You possess an exceptional clarity of mind. [potion of mutation]
 52633 | Slime:4  | Gained mutation: You have very sharp teeth. [potion of mutation]
 52634 | Slime:4  | Lost mutation: Your flesh is heat resistant. (rF+) [potion of mutation]
 52634 | Slime:4  | Lost mutation: You do not regenerate when monsters are visible. [potion of mutation]
 52634 | Slime:4  | Gained mutation: Armour fits poorly on your strangely shaped body. [potion of mutation]
 52634 | Slime:4  | Gained mutation: You have supernaturally acute eyesight. (SInv) [potion of mutation]
 52634 | Slime:4  | Gained mutation: You are resistant to hostile enchantments. (MR+) [potion of mutation]
 52634 | Slime:4  | Gained mutation: You are partially covered in iridescent scales. (AC +2) [potion of mutation]
 52635 | Slime:4  | Lost mutation: You passively map a small area around you. [potion of mutation]
 52635 | Slime:4  | Lost mutation: Armour fits poorly on your strangely shaped body. [potion of mutation]
 52635 | Slime:4  | Lost mutation: You are dopey. (Int -2) [potion of mutation]
 52635 | Slime:4  | Lost mutation: You possess an exceptional clarity of mind. [potion of mutation]
 52635 | Slime:4  | Gained mutation: Your system is resistant to poisons. (rPois) [potion of mutation]
 52635 | Slime:4  | Gained mutation: Your spells are a little harder to cast, but a little more powerful. [potion of mutation]
 52637 | Slime:5  | Entered Level 5 of the Pits of Slime
 52719 | Slime:5  | Noticed the Royal Jelly
 52728 | Slime:5  | Killed the Royal Jelly
 52838 | Slime:5  | Identified the +1 ring mail "Jomappo" {rElec rF+ Int+2} (You found it on level 5 of the Pits of Slime)
 52853 | Slime:5  | Got a slimy rune of Zot
 52902 | Slime:5  | Got a sparkling marble ring
 52926 | Slime:5  | Got a steaming copper amulet
 52930 | Slime:5  | Identified the ring "Casuss" {Dex+3 Stlth+} (You found it on level 5 of the Pits of Slime)
 52932 | Slime:5  | Identified the amulet "Cicetze" {Gourm rC+} (You found it on level 5 of the Pits of Slime)
 53650 | Crypt:1  | Entered Level 1 of the Crypt
 53742 | Crypt:1  | Reached skill level 27 in Fighting
 54391 | Crypt:2  | Gained mutation: You have large cloven feet. [evolution]
 54632 | Crypt:2  | Got a pair of faintly humming boots
 54643 | Crypt:2  | Identified the +2 pair of boots of the Abyss {rN++ MP-9 Slay+3} (You found it on level 2 of the Crypt)
 54661 | Crypt:3  | Entered Level 3 of the Crypt
 54881 | Crypt:3  | Reached skill level 27 in Armour
 55165 | Crypt:3  | Noticed an ancient lich
 55179 | Crypt:3  | Noticed an ancient lich
 55181 | Crypt:3  | Killed an ancient lich
 55188 | Crypt:3  | Killed an ancient lich
 55188 | Crypt:3  | Reached skill level 15 in Dodging
 55197 | Crypt:3  | Got a scintillating jade ring
 55198 | Crypt:3  | Identified the ring "Mirouzol" {MP+9 Int+7} (You found it on level 3 of the Crypt)
 55212 | Crypt:3  | Identified Kikubaaqudgha's Catalogue of Darkness
 55290 | Crypt:3  | Found a staircase to the Tomb.
 55377 | Tomb:1   | Entered Level 1 of the Tomb of the Ancients
 55558 | Tomb:1   | Identified the +2 chain mail "Egudiowu" {rPois Int+2 Stlth+} (You found it on level 1 of the Tomb of the Ancients)
 56321 | Tomb:2   | Noticed a greater mummy
 56323 | Tomb:2   | Killed a greater mummy
 56324 | Tomb:2   | Noticed a greater mummy
 56325 | Tomb:2   | Noticed a greater mummy
 56326 | Tomb:2   | Noticed a greater mummy
 56327 | Tomb:2   | Killed a greater mummy
 56328 | Tomb:2   | Killed a greater mummy
 56328 | Tomb:2   | Killed a greater mummy
 56535 | Tomb:2   | Got a scorched cloak
 56546 | Tomb:2   | Identified the +0 cloak of Lies {rN+ Str-4 Slay+2} (You found it on level 2 of the Tomb of the Ancients)
 56733 | Tomb:1   | Noticed a greater mummy
 56733 | Tomb:1   | Noticed a greater mummy
 56733 | Tomb:1   | Noticed a greater mummy
 56734 | Tomb:1   | Killed a greater mummy
 56734 | Tomb:1   | Killed a greater mummy
 56737 | Tomb:1   | Noticed a greater mummy
 56737 | Tomb:1   | Killed a greater mummy
 56738 | Tomb:1   | Noticed a greater mummy
 56745 | Tomb:1   | Killed a greater mummy
 57011 | Tomb:1   | Noticed a greater mummy
 57012 | Tomb:1   | Killed a greater mummy
 57017 | Tomb:1   | Killed a greater mummy
 57046 | Tomb:1   | Noticed a greater mummy
 57321 | Tomb:1   | Killed a greater mummy
 57346 | Tomb:1   | Noticed a greater mummy
 57354 | Tomb:1   | Killed a greater mummy
 57354 | Tomb:1   | Lost intelligence.
 57422 | Tomb:1   | Noticed a greater mummy
 57426 | Tomb:1   | Killed a greater mummy
 57433 | Tomb:1   | Noticed a greater mummy
 57437 | Tomb:1   | Noticed a greater mummy
 57439 | Tomb:1   | Killed a greater mummy
 57757 | Tomb:1   | Killed a greater mummy
 57781 | Tomb:1   | Noticed a greater mummy
 57788 | Tomb:1   | Killed a greater mummy
 57808 | Tomb:1   | Noticed a greater mummy
 57816 | Tomb:1   | Killed a greater mummy
 57856 | Tomb:1   | Noticed a greater mummy
 57859 | Tomb:1   | Noticed a greater mummy
 58194 | Tomb:1   | Noticed a greater mummy
 58198 | Tomb:1   | Killed a greater mummy
 58203 | Tomb:1   | Killed a greater mummy
 58591 | Tomb:1   | Killed a greater mummy
 58610 | Tomb:1   | Noticed a greater mummy
 58622 | Tomb:1   | Killed a greater mummy
 58628 | Tomb:1   | Noticed a greater mummy
 58635 | Tomb:1   | Killed a greater mummy
 58904 | Tomb:3   | Entered Level 3 of the Tomb of the Ancients
 59116 | Tomb:3   | Noticed an ancient lich
 59123 | Tomb:3   | Killed an ancient lich
 59392 | Tomb:3   | Noticed a greater mummy
 59393 | Tomb:3   | Noticed a greater mummy
 59395 | Tomb:3   | Noticed an ancient lich
 59395 | Tomb:3   | Noticed a greater mummy
 59594 | Tomb:2   | Killed an ancient lich
 59594 | Tomb:2   | Killed a greater mummy
 59828 | Tomb:3   | Noticed a greater mummy
 59828 | Tomb:3   | Noticed a greater mummy
 59829 | Tomb:3   | Killed a greater mummy
 59836 | Tomb:3   | Killed a greater mummy
 59840 | Tomb:3   | Killed a greater mummy
 59925 | Tomb:3   | Killed a greater mummy
 59925 | Tomb:3   | Lost intelligence.
 59956 | Tomb:3   | Noticed a greater mummy
 59962 | Tomb:3   | Killed a greater mummy
 60161 | Tomb:3   | Noticed a greater mummy
 60168 | Tomb:3   | Killed a greater mummy
 60186 | Tomb:3   | Got a golden rune of Zot
 60289 | Tomb:3   | Identified the ring "Naecupir" {+Inv rPois rF+++ AC+3 Int-4} (You found it on level 3 of the Tomb of the Ancients)
 60321 | Tomb:3   | Identified the +2 leather armour of Ennui {*Slow rElec rPois Dex+4} (You found it on level 3 of the Tomb of the Ancients)
 60594 | Tomb:1   | Gained mutation: You are weak. (Str -2) [evolution]
 61707 | Pan      | Entered Pandemonium
 61727 | Pan      | Reached skill level 1 in Evocations
 61740 | Pan      | Noticed Xeenlo the pandemonium lord
 61757 | Pan      | Noticed Enish's ghost (legendary BaHu)
 61812 | Pan      | Killed Xeenlo the pandemonium lord
 61891 | Pan      | Reached skill level 5 in Evocations
 62077 | Pan      | Killed Enish's ghost
 62488 | Pan      | Noticed Qaneecuf the pandemonium lord
 62496 | Pan      | Killed Qaneecuf the pandemonium lord
 62562 | Pan      | Found a runed door.
 62579 | Pan      | Got a demonic rune of Zot
 62665 | Pan      | Found a runed door.
 62843 | Pan      | Found an exit through the horrors of the Abyss.
 63763 | Pan      | Noticed Yqa Fuun the pandemonium lord
 63770 | Pan      | Killed Yqa Fuun the pandemonium lord
 63930 | Pan      | Reached skill level 10 in Evocations
 64015 | Pan      | Found an exit through the horrors of the Abyss.
 64029 | Pan      | Noticed Xicaon the pandemonium lord
 64183 | Pan      | Noticed Raokhloet the pandemonium lord
 64183 | Pan      | Killed Raokhloet the pandemonium lord
 64355 | Pan      | Found an exit through the horrors of the Abyss.
 64506 | Pan      | Entered the realm of Cerebov.
 64674 | Pan      | Found an exit through the horrors of the Abyss.
 64916 | Pan      | Identified the Catalogue of Harmful Summoning
 65199 | Pan      | Noticed Cerebov
 65208 | Pan      | Killed Cerebov
 65210 | Pan      | Reached skill level 27 in Dodging
 65220 | Pan      | Identified the ring of Uhink {Str+4 Int+8 Dex+7 Stlth+} (You took it off a balrug in Pandemonium)
 65230 | Pan      | Identified the ring "Seuvuik" {Wiz rN+ Dex+3} (You took it off a balrug in Pandemonium)
 65265 | Pan      | Got a fiery rune of Zot
 65267 | Pan      | Identified a +2 pair of boots of running (You found it in Pandemonium)
 65702 | Pan      | Found an exit through the horrors of the Abyss.
 65748 | Pan      | Noticed Unlieq the pandemonium lord
 65893 | Pan      | Found an exit through the horrors of the Abyss.
 66090 | Pan      | Reached skill level 15 in Evocations
 66182 | Pan      | Noticed Futod the pandemonium lord
 66190 | Pan      | Killed Futod the pandemonium lord
 66677 | Pan      | Noticed Otoobak the pandemonium lord
 66682 | Pan      | Killed Otoobak the pandemonium lord
 66818 | Pan      | Noticed Waafo the pandemonium lord
 66826 | Pan      | Killed Waafo the pandemonium lord
 66933 | Pan      | Entered the realm of Gloorx Vloq.
 66942 | Pan      | Found an exit through the horrors of the Abyss.
 67152 | Pan      | Noticed Gloorx Vloq
 67159 | Pan      | Killed Gloorx Vloq
 67164 | Pan      | Got a dark rune of Zot
 67449 | Pan      | Entered the realm of Lom Lobon.
 67601 | Pan      | Found an exit through the horrors of the Abyss.
 67985 | Pan      | Noticed Lom Lobon
 67992 | Pan      | Killed Lom Lobon
 68070 | Pan      | Got a magical rune of Zot
 68288 | Pan      | Noticed Ykofusodu the pandemonium lord
 68298 | Pan      | Killed Ykofusodu the pandemonium lord
 68510 | Pan      | Found an exit through the horrors of the Abyss.
 68581 | Pan      | Identified the ring of Xom's Delight {Ice rElec rN+ SInv} (You acquired it in Pandemonium)
 68669 | Pan      | Noticed Giwo the pandemonium lord
 68673 | Pan      | Killed Giwo the pandemonium lord
 68812 | Pan      | Entered the realm of Mnoleg.
 68858 | Pan      | Gained mutation: Armour fits poorly on your strangely shaped body. [a neqoxec]
 68859 | Pan      | Gained mutation: Your body sometimes deteriorates upon taking damage. [a neqoxec]
 68951 | Pan      | Gained mutation: You have a pair of large horns on your head. [a neqoxec]
 68960 | Pan      | Gained mutation: You are frail. (-10% HP) [a cacodemon]
 68966 | Pan      | Gained mutation: Your magical capacity is low. (-10% MP) [a cacodemon]
 69061 | Pan      | Gained mutation: Your body often deteriorates upon taking damage. [a cacodemon]
 69065 | Pan      | Gained mutation: You are very weak. (Str -4) [a cacodemon]
 69094 | Pan      | Lost mutation: You have supernaturally acute eyesight. (SInv) [a neqoxec]
 69435 | Pan      | Found an exit through the horrors of the Abyss.
 69697 | Pan      | Lost mutation: Your magical capacity is low. (-10% MP) [a neqoxec]
 69720 | Pan      | Gained mutation: Your magical capacity is low. (-10% MP) [a neqoxec]
 69787 | Pan      | Noticed Mnoleg
 69793 | Pan      | Paralysed by a floating eye for 4 turns
 69793 | Pan      | Lost mutation: Your system is resistant to poisons. (rPois) [Mnoleg's mutagenic touch]
 69794 | Pan      | Lost intelligence.
 69795 | Pan      | Lost mutation: Your spells are a little harder to cast, but a little more powerful. [a neqoxec]
 69800 | Pan      | Paralysed by a floating eye for 4 turns
 69807 | Pan      | Paralysed by a floating eye for 2 turns
 69807 | Pan      | HP: 12/245 [Mnoleg (3)]
 69807 | Pan      | HP: 1/245 [tentacled monstrosity[Mnoleg] (5)]
 69807 | Pan      | Mangled by a green very ugly thing

Vault maps used:
D:1:      tarquinn_simple_flora_water_f
D:2:      first_bread, minmay_goblin_outpost, uniq_terence, uniq_natasha,
          uniq_crazy_yiuf_cottage
D:3:      minmay_goblin_kobold_castle
D:4:      enter_ossuary_1, kennysheep_potato
D:5:      makhleb_grotto_becter, minmay_temple_entry_crystal_x, serial_shops,
          shop
D:6:      hangedman_glass_teeth, eino_tiny_chamber
D:7:      lemuel_ice_spiral_2, minmay_lizard_king
D:8:      blue_anna_alchemist
D:9:      basic_altar
D:10:     lair_entry_dummy, orc_0_dummy
D:11:     hangedman_cross_stitches, serial_shops, nicolae_shop_waterfront,
          cheibriados_altar_1, uniq_psyche, uniq_erolcha
D:12:     enter_bailey_3, lab_entry_generic,
          nicolae_dithmenos_through_a_glass_darkly
D:13:     uniq_frances, uniq_urug
D:14:     david_vaults_2, serial_shops, bzr_entry_dummy, argonaut_gorgonesque
D:15:     gammafunk_depths_entry_grave, special_room, serial_shops, shop,
          nicolae_shop_temple_entry_statues_fountains, shop, shop,
          serial_bayou_pond_b
Temple:   nicolae_temple_the_god_donut
Lair:1:   serial_bayou_ford_a, uniq_sonja
Lair:2:   dummy_snake_entry, small_statue_intersection
Lair:3:   minmay_swamp_entry_reptiles, minivault_23
Lair:4:   serial_bayou_shore_a
Lair:5:   grunt_megastairs_1
Lair:6:   minmay_lair_end_enchanted_forest, slime_altar_1,
          bobbens_ice_dragon_lair, infiniplex_staircase_pool_2
Swamp:1:  infiniplex_staircase_pool, swamp_pool1,
          nicolae_swamp_oklob_treasure_island
Swamp:2:  evilmike_swamp_ruin_house_4, uniq_jorgrun
Swamp:3:  nicolae_swamp_dense_foliage, uniq_mara, uniq_donald, uniq_bai_suzhen
Swamp:4:  swamp_alternative
Snake:1:  grunt_ministairs_14, nicolae_coiled_stairwell_down, uniq_rupert,
          uniq_aizul
Snake:2:  grunt_megastairs_2, minmay_shoptagon
Snake:3:  basic_altar, basic_loot_grate_trap, st_stairs_14, grunt_ministairs_1,
          serial_bayou_shore_b
Snake:4:  grunt_snake_rune_pools, library_closet, spider_trap
Slime:1:  cheibrodos_slime_lost_civilization_6
Slime:2:  cheibrodos_slime_lost_civilization_5
Slime:3:  cheibrodos_slime_lost_civilization_4
Slime:4:  cheibrodos_slime_lost_civilization_7
Orc:1:    cheibrodos_orc_bank
Orc:2:    grunt_orc_gardens, grunt_orc_garden, grunt_orc_garden,
          grunt_orc_garden, grunt_orc_garden, serial_shops, shop_coins, shop
Elf:1:    eino_elf_arrival_the_gate, serial_shops, bzr_entry_islet,
          kennysheep_underground_church
Elf:2:    minmay_misc_feat_five, minmay_misc_feat_columns,
          basic_stair_grate_trap
Elf:3:    elf_hall, serial_shops, nicolae_shop_temple_entry_statues_fountains
Vaults:1: nicolae_vaults_what_the_h, hangedman_vaults_stream, v_misc_29,
          nicolae_vaults_specimen_jars, vaults_mumra_minichess_inversion,
          v_misc_27, nicolae_vaults_statue_guard, nicolae_vaults_angled_halls,
          serial_shops, shop_fountains, nicolae_trove_entry_path_of_doom
Vaults:2: nicolae_vaults_rhombus_5, nicolae_vaults_triangles, vaults_room_grid,
          ontoclasm_vaults_chip, nicolae_vaults_network_quinsquares,
          minmay_crypt_entry_necro_gods, vaults_dpeg_hooks,
          ontoclasm_vaults_eye, v_pattern_2, nicolae_vaults_little_squares_1,
          uniq_jory
Vaults:3: grunt_vaults_swirl, v_misc_30, v_alt_pattern_4, v_misc_1, v_misc_12,
          hangedman_vaults_maws, hangedman_vaults_trim, ontoclasm_vaults_tryst,
          v_misc_8, vaults_room_pool, basic_altar, uniq_mennas
Vaults:4: grunt_vaults_twisty, v_misc_18, nicolae_vaults_three_branches,
          vaults_room_large_hall, st_squares, v_alt_pattern_2,
          grunt_vaults_hallway_long, dpeg_vaults_monster_box, v_misc_10
Vaults:5: serial_shops, uniq_frederick, uniq_xtahua
Crypt:1:  grunt_crypt_arrival_webbed
Crypt:3:  david_glass_crypt, nicolae_tomb_entry_rubble_hallway
Depths:1: minmay_misc_feat_hallway, pf_coc_iceberg,
          brannock_guarded_unrand_thermic_engine, firewood_loft,
          grunt_megastairs_4, uniq_enchantress
Depths:2: hangedman_spin_cycle, abyss_entry, hell_entry
Depths:3: minmay_box_of_statues, pan_entry, abyss_entry_crystal,
          grunt_hell_entry_dis_grunt, grunt_decor_cap, minmay_shop_grove,
          infiniplex_staircase_pillars_3a, grunt_megastairs_3,
          serial_bayou_shore_b
Depths:4: hangedman_arch_fort, enter_ziggurat_b, mu_enter_wizlab_5, hell_entry,
          marbit_kobold_abyss_entry, serial_shops, bzr_entry_dummy,
          minmay_staircase_statues
Depths:5: evilmike_zot_entry_hall, hangedman_decor_peaks_small, abyss_entry,
          hell_entry
Zot:1:    st_small_dragon_hoard_2, st_stairs_3, hangedman_elemental_grid_stream
Zot:3:    lemuel_halls_of_wrath, zot_minivault_5
Zot:4:    zot_minivault_7
Abyss:2:  due_exit_kobolds, evilmike_abyss_exit_5, evilmike_abyss_exit_11
Pan:      grunt_pan_spiral, pan_blood_fountain, pan_blood_fountain_small,
          regret_index_pan_draining_boxed, rand_demon_9, pan_blood_fountain_2,
          pan_blood_fountain_small, nicolae_pan_gloorx_vloqian_4,
          evilmike_mini_pan_branches, nicolae_pan_sigil_eeng,
          lemuel_hellion_island, grunt_pan_pentagram, pan_blood_fountain_small,
          rand_demon_6, nicolae_pan_double_arrow, nicolae_pan_strange_glyphs,
          rand_demon_6, evilmike_mini_pan_diamond,
          evilmike_mini_pan_other_thingy, grunt_pan_in_and_out,
          cerebov_grunt_fire_and_steel, rand_demon_9, rand_demon_9,
          evilmike_mini_pan_thingy, reaverb_pan_figure_eight,
          evilmike_mini_pan_layers, pan_blood_fountain_small,
          nicolae_pan_glass_arcs, nicolae_pan_double_arrow, rand_demon_1,
          rand_demon_2, gloorx_vloq_grunt_torture_chamber,
          pan_blood_fountain_small, lom_lobon_grunt_wind_tunnels,
          pan_blood_fountain, pan_surprise, grunt_pan_pentagram,
          pan_blood_fountain_small, evilmike_mini_pan_doors_b,
          pan_blood_fountain_small, evilmike_mini_pan_corner, grunt_pan_zigzag,
          nicolae_pan_mnolegish_1, evilmike_mini_pan_pillars, rand_demon_6,
          evilmike_mini_pan_corridor, nicolae_pan_cerebovesque_1,
          evilmike_mini_pan_V, mnoleg_st, pan_blood_fountain,
          pan_blood_fountain_small
Lab:      labyrinth_spiral
Bazaar:   bazaar_minmay_generic_box, bazaar_jpeg_hexagon
Trove:    trove_wands_scrolls
Ossuary:  ossuary_zaba_two_paths
Bailey:   bailey_axe_of_yendor_kennysheep, bailey
WizLab:   wizlab_lehudib

Skill      XL: |  1  2  3  4  5  6  7  8  9 10 11 12 13 14 15 16 17 18 19 20 21 22 23 24 25 26 27 |
---------------+----------------------------------------------------------------------------------+-----
Unarmed Combat | 3 4 5 7 8 10 11 12 14 15 16 18 19 21 22 23 24 25 26 27 | 27.0
Fighting       | 4 6 8 10 11 12 13 14 15 16 18 19 20 21 22 23 24 25 27 | 27.0
Armour         | 4 6 8 9 11 12 13 15 16 17 18 19 20 21 22 23 25 27 | 27.0
Shields        | 4 6 8 9 11 13 14 15 16 18 20 22 24 26 27 | 27.0
Dodging        | 7 27 | 27.0
Evocations     | 21 | 21.9

Action                   |  1- 3 |  4- 6 |  7- 9 | 10-12 | 13-15 | 16-18 | 19-21 | 22-24 | 25-27 || total
-------------------------+-------+-------+-------+-------+-------+-------+-------+-------+-------++-------
Melee: Unarmed           |    54 |   221 |   460 |   646 |  1386 |  1581 |  1315 |  1586 |  5032 || 12281
       Headbutt          |    12 |    31 |    62 |   102 |   302 |   430 |   372 |   461 |  1386 ||  3158
       Bite              |       |       |       |       |       |       |       |       |   573 ||   573
Invok: Serpent's Lash    |       |       |       |     2 |    15 |     7 |     4 |     1 |    16 ||    45
       Heaven On Earth   |       |       |       |       |     5 |     1 |     1 |     4 |    12 ||    23
 Abil: Blink             |       |       |       |       |       |       |       |       |     2 ||     2
Evoke: Wand              |       |       |       |    27 |    34 |    17 |     3 |     2 |     5 ||    88
  Use: Potion            |     1 |     5 |     3 |     1 |     1 |     5 |     6 |     3 |    27 ||    52
       Scroll            |       |     5 |     8 |     7 |    11 |    22 |    17 |    10 |    57 ||   137
 Stab: Distracted        |       |       |       |     2 |       |     1 |     2 |     1 |     2 ||     8
       Paralysed         |       |       |       |       |     4 |       |       |       |       ||     4
  Eat: Chunk             |       |     5 |    13 |    20 |    33 |    13 |     6 |    22 |    29 ||   141
       Fruit             |       |       |     2 |       |     1 |    27 |    19 |       |    27 ||    76
       Meat ration       |       |       |       |       |       |       |       |       |     8 ||     8
Armor: Scale mail        |    19 |    93 |   140 |       |       |       |       |       |       ||   252
       Skin              |       |       |    18 |       |       |       |       |       |       ||    18
       Plate armour      |       |       |    21 |   238 |   351 |   400 |       |       |       ||  1010
       Storm dragon scal |       |       |       |       |       |    16 |   175 |   166 |    10 ||   367
       Gold dragon scale |       |       |       |       |       |       |       |       |   533 ||   533
Dodge: Dodged            |    17 |    60 |    89 |    90 |   118 |   214 |    89 |    66 |   518 ||  1261
Block: Shield            |    32 |   129 |   128 |       |   289 |   641 |   178 |       |       ||  1397
       Buckler           |       |       |    54 |   111 |   108 |       |       |       |       ||   273
       Reflection        |       |       |       |       |    15 |    54 |    24 |       |       ||    93
       Large shield      |       |       |       |       |       |       |   288 |   641 |  2516 ||  3445
